 Dungeon Crawl Stone Soup version 0.28-a0-1190-g77e1c55843 (webtiles) character file.

Game seed: 17798644640166000815

697 geedmat the Chopper (level 7, -5/82 HPs)
             Began as a Palentonga Abyssal Knight on Dec 19, 2021.
             Was a Priest of Lugonu.
             Slain by Crazy Yiuf (9 damage)
             ... on level 4 of the Dungeon.
             The game lasted 00:18:57 (6730 turns).

geedmat the Chopper (Palentonga Abyssal Knight)     Turns: 6730, Time: 00:18:57

Health: -5/82      AC: 23    Str: 19    XL:     7   Next: 37%
Magic:  10/10      EV:  1    Int: 10    God:    Lugonu [***...]
Gold:   256        SH:  0    Dex: 19    Spells: 6/6 levels left

rFire   + . .      SeeInvis +   a - +2 hand axe
rCold   x . .      Faith    .   (no shield)
rNeg    . . .      Spirit   .   (armour currently unavailable)
rPois   +          Reflect  .   (helmet currently unavailable)
rElec   .          Harm     .   (cloak currently unavailable)
rCorr   .          Rampage  .   (gloves currently unavailable)
Will    .....      NoTele   +   (no barding)
Stlth   ++........              o - amulet of the Fortune-Teller {Acrobat Dex+9}
HPRegen 0.23/turn               q - ring of fire
MPRegen 0.12/turn               (no ring)

@: agile, lethally poisoned (-5 -> -14), tree-form
A: stationary, stasis, torment immunity, boosted hp, large, rugged brown scales
3, see invisible, (deformed body), (roll 1), (armoured tail), (reflexive curl)
a: Renounce Religion, Depart the Abyss, Bend Space, Banish


You were on level 4 of the Dungeon.
You worshipped Lugonu.
Lugonu was most pleased with you.
You were a tree.
You visited 1 branch of the dungeon, and saw 5 of its levels.
You visited the Abyss 1 time.

You collected 256 gold pieces.

Inventory:

Hand Weapons
 a - a +2 hand axe (weapon)
 b - a +0 shortbow
Missiles
 v - 24 arrows
Armour
 c - a +0 helmet of see invisible
 h - a +0 pair of gloves (melded)
 j - a +0 ring mail (melded)
 n - the +2 helmet of the Wild Haggis (melded) {Int+3}
   (You took it off Robin on level 2 of the Dungeon)

   Int:       It affects your intelligence (+3).
Jewellery
 o - the amulet of the Fortune-Teller (around neck) {Acrobat Dex+9}
   (You acquired it on level 2 of the Dungeon)

   [amulet of the acrobat]

   It increases your evasion while moving and waiting.
   Dex:       It affects your dexterity (+9).
 q - a ring of fire (left branch)
 r - an amulet of the acrobat
Wands
 k - a wand of flame (27)
 w - a wand of iceblast (6)
Scrolls
 f - 2 scrolls of blinking
 l - a scroll of holy word
 s - a scroll of identify
Potions
 e - a potion of invisibility
 i - a potion of ambrosia
 m - a potion of haste
 t - a potion of attraction
 u - a potion of cancellation


   Skills:
 - Level 3.0 Fighting
 * Level 7.3 Axes
 - Level 1.5 Armour
 - Level 0.7 Dodging
 + Level 4.7 Invocations


You had 6 spell levels left.
You didn't know any spells.
Your spell library contained the following spells:

 Spells                   Type           Power      Damage    Failure   Level
 Animate Skeleton         Necr           0%         N/A       36%         1
 Apportation              Tloc           0%         N/A       36%         1
 Pain                     Necr           0%         1d4       36%         1
 Vampiric Draining        Necr           0%         2d6       75%         3
 Alistair's Intoxication  Tmut/Pois      0%         N/A       100%        5


Dungeon Overview and Level Annotations

Branches:
Dungeon (5/15)             Temple (0/1) D:5

Altars:
Gozag
Makhleb
Uskayaw
Vehumet
The Shining One

Shops:
D:1 (   D:3 =

Annotations:
D:4 Crazy Yiuf
D:5 Blork the orc


Innate Abilities, Weirdness & Mutations

You are a tree.
Your roots penetrate the ground, keeping you stationary.
You cannot be teleported.
You are immune to unholy pain and torment.
Your maximum health is greatly increased.
Your equipment is partially melded.
(You are completely covered in rugged brown scales. (AC +3, +7% HP))
You have supernaturally acute eyesight. (SInv)
((Armour fits poorly on your strangely shaped body.))
((You can roll at nearby foes to attack.))
((You have a long armoured tail.))
((You curl defensively after being hit. (AC +7*)))


Message History

You hit Crazy Yiuf.
Crazy Yiuf is moderately wounded.
You feel very sick.
Crazy Yiuf hits you with a +3 quarterstaff of chaos!
Crazy Yiuf freezes you.
* * * LOW HITPOINT WARNING * * *
Unknown command.
Really quaff the potion of lignification?
Uppercase [Y]es or [N]o only, please.
Really quaff the potion of lignification?
You turn into a tree.
The +2 helmet of the Wild Haggis {Int+3} melds into your body.
Your +0 pair of gloves melds into your body.
Your +0 ring mail melds into your body.
Your roots penetrate the ground.
You feel sick. Crazy Yiuf hits you but does no damage.
Okay, then.
You slash Crazy Yiuf!
Crazy Yiuf is severely wounded.
You feel sick.
Crazy Yiuf hits you with a +3 quarterstaff of chaos!
* * * LOW HITPOINT WARNING * * *
You feel agile all of a sudden.
You hit Crazy Yiuf.
Crazy Yiuf is almost dead.
You feel sick.
Crazy Yiuf hits you with a +3 quarterstaff of chaos.
* * * LOW HITPOINT WARNING * * *
You are lethally poisoned!
You hit Crazy Yiuf.
Crazy Yiuf is almost dead.
* * * LOW HITPOINT WARNING * * *
You feel very sick.
Crazy Yiuf glowers.
Crazy Yiuf completely misses you.
You barely miss Crazy Yiuf.
Crazy Yiuf is almost dead.
* * * LOW HITPOINT WARNING * * *
You feel very sick.
Crazy Yiuf hits you with a +3 quarterstaff of chaos!
You die...

...#.........[....'...#
...'..............#...#
...#'##########..##...#
........# ######### ###...<.#
..#.....#######
..#.)....#..#.### ###
..#.......PP.#..##...#
..#.........####♣g...#
..#......#.## ###..)#
..'....+#### ### ..#....##
..#.....# ###.....# ######
........# #....# ........#
#....#
...###+#######....##############


You could see Crazy Yiuf.

Vanquished Creatures
  A centaur (D:5)
  An ogre (D:4)
  A scorpion (D:5)
  A bullfrog zombie (D:5)
  4 orc priests
  2 iguanas
  An orc wizard (D:5)
  A scorpion zombie (D:5)
  Natasha (twice) (D:4)
  Robin (D:2)
  6 adders
  A shadow imp (D:5)
  An adder skeleton (D:4)
  3 worms
  9 orcs
  7 ball pythons
  7 endoplasms
  2 giant cockroaches
  9 hobgoblins
  3 jackals (D:1)
  5 kobolds
  5 quokkas
  6 bats
  2 frilled lizards
  20 goblins
  2 rats (D:1)
103 creatures vanquished.

Vanquished Creatures (others)
  6 demonic plants (D:2)
  4 fungi (D:2)
  5 plants (D:2)
  2 withered plants (D:2)
17 creatures vanquished.

Grand Total: 120 creatures vanquished

Notes
Turn   | Place    | Note
-------+----------+-------------------------------------------
     0 | Abyss:1  | geedmat the Palentonga Abyssal Knight began the quest for
                  | the Orb.
     0 | Abyss:1  | Reached XP level 1. HP: 19/19 MP: 2/2
    85 | Abyss:2  | Noticed a small abomination
    88 | D:1      | Escaped the Abyss
   509 | D:1      | Reached XP level 2. HP: 25/25 MP: 3/3
   618 | D:1      | Reached skill level 3 in Axes
   620 | D:1      | Reached * piety under Lugonu
   698 | D:1      | Found Daobergh's Antique Weapon Shoppe.
  1350 | D:2      | Reached XP level 3. HP: 29/31 MP: 4/4
  1688 | D:2      | Identified the +2 helmet of the Wild Haggis {Int+3}
  1688 | D:2      | Noticed Robin
  1725 | D:1      | Reached skill level 4 in Axes
  2030 | D:2      | Killed Robin
  2031 | D:2      | Reached XP level 4. HP: 23/37 MP: 5/5
  2296 | D:2      | Reached ** piety under Lugonu
  2302 | D:2      | Found a faded altar of an unknown god.
  2669 | D:2      | Identified a scroll of acquirement
  2669 | D:2      | Acquired the amulet of the Fortune-Teller {Acrobat Dex+9}
  3091 | D:3      | Found a burning altar of Makhleb.
  3093 | D:3      | Found a glowing golden altar of the Shining One.
  3093 | D:3      | Found a radiant altar of Vehumet.
  3137 | D:3      | Found Jona Hec's Jewellery Shop.
  3193 | D:3      | Reached skill level 5 in Axes
  3281 | D:3      | Reached XP level 5. HP: 41/43 MP: 6/6
  3803 | D:4      | Noticed an ogre
  3873 | D:5      | Entered Level 5 of the Dungeon
  4124 | D:5      | Noticed Blork the orc
  4131 | D:5      | Noticed a vampire
  4570 | D:5      | Reached XP level 6. HP: 43/50 MP: 8/8
  4573 | D:5      | Reached skill level 6 in Axes
  4830 | D:5      | Found a staircase to the Ecumenical Temple.
  5544 | D:4      | Gained mutation: You curl defensively after being hit. (AC
                  | +7*) [Palentonga growth]
  5544 | D:4      | Reached XP level 7. HP: 35/55 MP: 10/10
  5673 | D:4      | Found a hide-covered altar of Uskayaw.
  5777 | D:4      | Reached *** piety under Lugonu
  5911 | D:4      | Noticed Natasha
  5920 | D:4      | Killed Natasha
  5921 | D:4      | Reached skill level 7 in Axes
  6446 | D:4      | Found an opulent altar of Gozag.
  6569 | D:4      | Found a runed translucent door.
  6570 | D:4      | Noticed Crazy Yiuf
  6667 | D:4      | Noticed Natasha
  6674 | D:4      | Killed Natasha
  6730 | D:4      | HP: 4/82 [poisoned by Crazy Yiuf]
  6730 | D:4      | Slain by Crazy Yiuf

Illustrated notes

Levels and vault maps discovered:
D:1:      zaba_arrival_water, layout_basic, serial_shops, nicolae_diamond_shop,
          minmay_tripent
D:2:      layout_basic, shapermc_ecumenical_altar_gd, mrwooster_statue_mirror,
          uniq_robin
D:3:      layout_loops_ring, minitemple, serial_shops,
          nicolae_shop_behind_doors, minmay_checkerbox
D:4:      layout_gridville, eat_drink_and_be_merry_uskayaw,
          nicolae_gozag_cash_rules_everything_around_me,
          uniq_crazy_yiuf_cottage, uniq_natasha
D:5:      layout_basic, minmay_temple_entry_poolview, kennysheep_cross_room,
          doesnt_shop_hydraphobe, uniq_blork_the_orc

Skill      XL: |  1  2  3  4  5  6  7 |
---------------+----------------------+-----
Axes           | 3 4 5 6 7 |  7.3
Invocations    | 3 4 |  4.7
Fighting       | |  3.0
Armour         | |  1.5
Dodging        | |  0.7

Action                   |  1- 3 |  4- 6 |  7- 9 || total
-------------------------+-------+-------+-------++-------
Melee: Hand axe          |   120 |   144 |    65 ||   329
       Tailslap          |    12 |    27 |    14 ||    53
 Fire: Hunting sling     |       |     7 |       ||     7
Invok: Depart the Abyss  |     1 |       |       ||     1
       Bend Space        |       |     5 |       ||     5
  Use: Scroll            |     3 |     4 |     8 ||    15
       Potion            |       |     1 |     1 ||     2
 Stab: Distracted        |       |     1 |       ||     1
Armor: Leather armour    |    25 |       |       ||    25
       Ring mail         |    40 |    53 |    14 ||   107
       Skin              |       |       |     3 ||     3
Dodge: Dodged            |    59 |    67 |    18 ||   144

Table legend: (Time is in decaauts)
 A = Elapsed time spent in this place.
 B = Non-inter-level travel time spent in this place.
 C = Inter-level travel time spent in this place.
 D = Time resting spent in this place.
 E = Time spent auto-exploring this place.
 F = Levels seen in this place.
 G = Mean time per level.
                   A        B        C        D        E       F      G
               +--------+--------+--------+--------+--------+-----+--------+
         Total |   6754 |   6679 |     75 |   2222 |   2922 |   7 |  964.9 |
       Dungeon |   6666 |   6591 |     75 |   2222 |   2865 |   5 | 1333.2 |
         Abyss |     87 |     87 |      0 |      0 |     57 |   2 |   43.5 |
               +--------+--------+--------+--------+--------+-----+--------+

Top non-repeatable levels by time:
     D:5: 1556 daAuts
     D:1: 1516 daAuts
     D:4: 1494 daAuts
     D:2: 1106 daAuts
     D:3: 992 daAuts
 Abyss:2: 69 daAuts
 Abyss:1: 18 daAuts
